 Dungeon Crawl Stone Soup version 0.28.0-53-g5a82cb258f (webtiles) character file.

Game seed: 16344866915919264325

70 Infinimo the Cudgeller (level 4, -6/48 HPs)
             Began as an Ogre Gladiator on May 29, 2022.
             Asphyxiated
             ... on level 3 of the Dungeon.
             The game lasted 00:02:44 (2561 turns).

Infinimo the Cudgeller (Ogre Gladiator)             Turns: 2561, Time: 00:02:45

Health: -6/48      AC:  3    Str: 20    XL:     4   Next: 22%
Magic:  4/4        EV: 10    Int:  9    God:
Gold:   90         SH:  0    Dex: 10    Spells: 3/3 levels left

rFire   . . .      SeeInvis .   o - +0 hunting sling
rCold   . . .      Faith    .   (no shield)
rNeg    . . .      Spirit   .   b - +0 robe
rPois   .          Reflect  .   c - +0 hat
rElec   .          Harm     .   (no cloak)
rCorr   .          Rampage  .   (gloves unavailable)
Will    .....                   (boots unavailable)
Stlth   +.........              (no amulet)
HPRegen 0.16/turn               (no ring)
MPRegen 0.09/turn               (no ring)

@: lethally poisoned (-6 -> -33), about to teleport, slowed, very slow
A: large, unfitting armour, tough skin 1
a: no special abilities


You were on level 3 of the Dungeon.
You visited 1 branch of the dungeon, and saw 3 of its levels.

You collected 90 gold pieces.

Inventory:

Hand Weapons
 a - a +0 flail
 o - a +0 hunting sling (weapon)
Missiles
 d - 2 throwing nets
 i - 7 poisoned darts
 p - 111 sling bullets (quivered ammo)
Armour
 b - a +0 robe (worn)
 c - a +0 hat (worn)
Jewellery
 n - a +6 ring of dexterity
Wands
 m - a wand of iceblast (6)
Scrolls
 f - a scroll of enchant weapon {unknown}
 h - a scroll of magic mapping {unknown}
 j - a scroll of immolation {unknown}
 k - a scroll of identify {unknown}
 l - a scroll of teleportation
 q - a scroll of fear {unknown}
Potions
 e - a potion of curing {unknown}
 g - a potion of heal wounds {unknown}
 r - a potion of lignification {unknown}
 s - a potion of berserk rage {unknown}


   Skills:
 + Level 3.9 Fighting
 * Level 4.0 Maces & Flails
 - Level 2.0 Throwing
 - Level 2.6 Dodging


You had 3 spell levels left.
You didn't know any spells.
Your spell library contained the following spells:

 Spells                   Type           Power      Damage    Failure   Level
 Sandblast                Erth           0%         2d4       38%         1
 Passwall                 Tmut/Erth      0%         N/A       52%         2
 Stone Arrow              Conj/Erth      0%         3d7       77%         3


Dungeon Overview and Level Annotations

Branches:
Dungeon (3/15)

Altars:
Qazlal
Vehumet


Innate Abilities, Weirdness & Mutations

You are too large for most types of armour.
You have tough skin. (AC +1)


Message History

Press: ? - help, Shift-Dir - straight line, f/p - kobold brigand
Aim: a kobold brigand, wielding a +0 flail and quivering curare-tipped darts (50% to hit)
Okay, then.
Throw: 3 throwing nets
Press: ? - help, Shift-Dir - straight line, f/p - kobold brigand
Aim: a kobold brigand, wielding a +0 flail and quivering curare-tipped darts (50% to hit)
You throw a throwing net.
The throwing net misses the kobold brigand.
The kobold brigand drinks a potion.
The kobold brigand flickers and vanishes!
Deactivating autopickup; reactivate with Ctrl-A.
Okay, then.
A curare-tipped dart appears from out of thin air!
The curare-tipped dart hits you.
You are poisoned.
You have difficulty breathing.
You feel yourself slow down.
You feel very sick.
You feel very sick.
You feel sick.
A curare-tipped dart appears from out of thin air!
The curare-tipped dart hits you.
You are more poisoned.
You have difficulty breathing.
You feel as though you will be slow longer.
You feel very sick.
A curare-tipped dart appears from out of thin air!
The curare-tipped dart hits you.
You are lethally poisoned!
You have difficulty breathing.
* * * LOW HITPOINT WARNING * * *
You feel as though you will be slow longer.
As you read the scroll labelled PORIETZ COULEO, it crumbles to dust.
You feel strangely unstable.
It was a scroll of teleportation.
* * * LOW HITPOINT WARNING * * *
You feel extremely sick.
A curare-tipped dart appears from out of thin air!
The curare-tipped dart hits you.
You are more poisoned.
You have difficulty breathing.
You die...

#........ #[....# ##...#.##
#.......# #....§≈.###
###############.≈.§§.....
...........†...†.§§§..#####
#(
##############...≈§§..#....
..( ##.@§≈§....###...
#............. ##......#..#
##.......# ####.#.## ##.##
###


There were no monsters in sight!

Vanquished Creatures
  An adder (D:2)
  2 dart slugs
  5 ball pythons
  3 bats
  6 endoplasms
  5 giant cockroaches
  5 goblins
  4 hobgoblins
  4 jackals (D:1)
  3 kobolds
  2 quokkas (D:2)
  6 frilled lizards
  3 rats
49 creatures vanquished.

Notes
Turn   | Place    | Note
-------+----------+-------------------------------------------
     0 | D:1      | Infinimo the Ogre Gladiator began the quest for the Orb.
     0 | D:1      | Reached XP level 1. HP: 22/22 MP: 1/1
   189 | D:1      | Reached skill level 3 in Maces & Flails
   190 | D:1      | Reached XP level 2. HP: 24/31 MP: 2/2
   737 | D:1      | Reached XP level 3. HP: 34/37 MP: 3/3
  1185 | D:2      | Found a radiant altar of Vehumet.
  1923 | D:2      | Reached XP level 4. HP: 48/48 MP: 4/4
  2409 | D:3      | Reached skill level 4 in Maces & Flails
  2481 | D:3      | Found a stormy altar of Qazlal.
  2551 | D:3      | Noticed a kobold brigand
  2561 | D:3      | Asphyxiated

Illustrated notes

Levels and vault maps discovered:
D:1:      dpeg_arrival_tiny_a, layout_basic, minmay_tromino_i2
D:2:      layout_loops_ring, basic_altar
D:3:      layout_loops_ring, nicolae_qazlal_scattered_showers,
          ebering_ghost_sewer_d, kennysheep_orc_chapel, uniq_terence

Skill      XL: |  1  2  3  4 |
---------------+-------------+-----
Maces & Flails | 3 4 |  4.0
Fighting       | 3 |  3.9
Throwing       | |  2.0
Dodging        | |  2.6

Action                   |  1- 3 |  4- 6 || total
-------------------------+-------+-------++-------
Melee: Flail             |   133 |     3 ||   136
 Fire: Hunting sling     |       |    29 ||    29
Throw: Dart              |       |     1 ||     1
       Throwing net      |       |     1 ||     1
  Use: Scroll            |       |     1 ||     1
Armor: Robe              |    42 |     3 ||    45
Dodge: Dodged            |    73 |    10 ||    83
